 Dungeon Crawl Stone Soup version 0.25-a0-435-g4b9beb1024 (webtiles) character file.

Game seed: 7067356566740577901, levelgen mode: deterministic

163 Ge0ff the Chopper (level 5, -3/45 HPs)
             Began as a Ghoul Gladiator on Jan 26, 2020.
             Killed by divine providence
             ... invoked by an orc priest
              (17 damage)
             ... on level 4 of the Dungeon.
             The game lasted 00:06:17 (2495 turns).

Ge0ff the Chopper (Ghoul Gladiator)                 Turns: 2495, Time: 00:06:18

Health: -3/45      AC:  7    Str: 19    XL:     5   Next: 44%
Magic:  4/4        EV: 11    Int:  3    God:
Gold:   119        SH:  0    Dex: 10    Spells: 4/4 levels left

rFire    . . .     SeeInvis .   a - +0 war axe
rCold    + . .     Gourm    .   (no shield)
rNeg     + + +     Faith    .   u - +0 ring mail
rPois    ∞         Spirit   .   c - +0 helmet
rElec    .         Reflect  .   (no cloak)
rCorr    .         Harm     .   (no gloves)
MR       .....                  w - +0 pair of boots
Stlth    ..........             (no amulet)
HPRegen  0.00/turn              G - ring of wizardry {=R}
MPRegen  0.09/turn              (no ring)

@: rotting
A: rotting body, claws 1, carnivore, cold resistance 1, negative energy
resistance 3, inhibited regeneration, torment resistance, unbreathing
a: no special abilities


You were on level 4 of the Dungeon.
You were not hungry.

You visited 1 branch of the dungeon, and saw 4 of its levels.

You collected 119 gold pieces.

Inventory:

Hand Weapons
 a - a +0 war axe (weapon)
 h - a +1 flail of protection {don't train}
Missiles
 d - 4 throwing nets {=f}
 t - 71 stones (quivered)
 y - 19 arrows
Armour
 c - a +0 helmet (worn)
 u - a +0 ring mail (worn)
 w - a +0 pair of boots (worn)
 J - a +0 scale mail
Jewellery
 G - a ring of wizardry (left claw) {=R}
Scrolls
 i - a scroll of identify
 m - 3 scrolls of magic mapping
 v - a scroll of noise {unknown}
 C - 2 scrolls of remove curse
 F - a scroll of enchant armour {unknown}
 I - a scroll of blinking {unknown}
Potions
 x - 2 potions of flight {unknown}
 z - a potion of heal wounds {unknown}
 D - 5 potions of curing {unknown}
 H - 2 potions of invisibility {unknown}
Comestibles
 r - 7 rations


   Skills:
 - Level 3.0 Fighting
 * Level 4.8 Axes
 + Level 1.8 Throwing
 + Level 1.1 Armour
 - Level 2.6 Dodging


You had 4 spell levels left.
You didn't know any spells.
Your spell library was empty.

Dungeon Overview and Level Annotations

Branches:
Dungeon (4/15)
 Temple: D:4-7

Altars:

Annotations:
D:3 dig (gold)


Innate Abilities, Weirdness & Mutations

Your body is rotting away.
You thrive on raw meat.
You are immune to poison.
You have sharp fingernails.
You are carnivorous and can eat meat at any time.
Your flesh is cold resistant. (rC+)
You are immune to negative energy. (rN+++)
You do not regenerate when monsters are visible.
You are immune to unholy pain and torment.
You can survive without breathing.


Message History

You barely miss the adder. The adder barely misses you.
You slash the adder!
You kill the adder!
You barely miss the orc. The orc closely misses you.
The orc priest mumbles some strange prayers to Beogh against you.
Beogh smites you! The orc hits you but does no damage.
Things that are here:
a +0 leather armour of magic resistance; an adder corpse; an orc corpse You closely miss the orc priest.
You closely miss the orc.
The orc priest hits you but does no damage.
The orc hits you but does no damage.
Your ring mail prevents you from hitting the orc priest.
Your ring mail prevents you from hitting the orc.
The orc priest looks encouraged for a moment.
The orc completely misses you. The orc priest barely misses you.
Butcher an adder corpse? [(y)es/(n)o/(a)ll/(q)uit/?]
You butcher the adder corpse.
The orc hits you.
You stop butchering the corpse.
The orc priest mumbles some strange prayers to Beogh against you.
Beogh smites you!
You die...

,,,,**,*,,####### *,*
,,,,**,,,,#<....# *,*
,,,,***,*,#####.# *,*
,,,,***,,,* #.# *,*
,,,,,,,,,,* #.# *,*
**#......>* #.# *,*
#...%..,* #.# *,*
#.o...,,* ###.#####,*
#S.oo,,,* #..o@o..#,*
#...,,,,* #######(#,*
#..,,,,,* #.#,*
#.#****** #.#,* #.#
#o#,*
#.###############S#,*
#.........o.So....#,*
###################,*
*,*


You could see an orc priest and an orc.

Vanquished Creatures
  A centaur skeleton (D:3)
  6 adders
  2 oozes
  2 worms (D:2)
  2 dart slugs (D:1)
  3 leopard geckos
  3 orcs
  A ball python (D:3)
  2 giant cockroaches (D:2)
  7 goblins
  3 hobgoblins
  7 kobolds
  A quokka (D:3)
  11 bats
  3 frilled lizards
  5 rats
59 creatures vanquished.

Notes
Turn   | Place    | Note
-------+----------+-------------------------------------------
     0 | D:1      | Ge0ff the Ghoul Gladiator began the quest for the Orb.
     0 | D:1      | Reached XP level 1. HP: 17/17 MP: 0/0
    41 | D:1      | Reached skill level 3 in Axes
    80 | D:1      | Reached XP level 2. HP: 22/24 MP: 1/1
   546 | D:1      | Reached XP level 3. HP: 29/29 MP: 2/2
  1114 | D:2      | Reached skill level 1 in Armour
  1268 | D:2      | Reached skill level 4 in Axes
  1503 | D:2      | Reached XP level 4. HP: 36/36 MP: 3/3
  2098 | D:3      | Reached XP level 5. HP: 31/44 MP: 4/4
  2495 | D:4      | Killed from afar by an orc priest

Levels and vault maps discovered:
D:1:      roderic_chinese_lattice_arrival, layout_loops_ring, minmay_liquid_box
D:2:      layout_loops_corners
D:3:      layout_basic, lightli_corner_chamber
D:4:      layout_basic, first_ration

Skill      XL: |  1  2  3  4  5 |
---------------+----------------+-----
Axes           | 3 4 |  4.8
Armour         | 1 |  1.1
Fighting       | 3 |  3.0
Throwing       | |  1.8
Dodging        | |  2.6

Action                   |  1- 3 |  4- 6 || total
-------------------------+-------+-------++-------
Melee: War axe           |   100 |    86 ||   186
Throw: Stone             |    20 |    46 ||    66
  Use: Scroll            |     1 |     1 ||     2
 Stab: Sleeping          |     1 |       ||     1
  Eat: Chunk             |    11 |     7 ||    18
Armor: Leather armour    |    24 |       ||    24
       Ring mail         |    13 |    40 ||    53
Dodge: Dodged            |    61 |    59 ||   120

Table legend:
 A = Non-vault XP
 B = Vault XP
 C = Vault XP percentage of total XP
 D = Non-vault monster count
 E = Vault monster count
 F = Vault count percentage of total count
                 A         B        C        D         E       F
            +---------+---------+-------+---------+---------+-------
      Total |     234 |       0 |   0.0 |      59 |       0 |   0.0
            +---------+---------+-------+---------+---------+-------
        D:1 |      36 |       0 |   0.0 |      18 |       0 |   0.0
        D:2 |      74 |       0 |   0.0 |      23 |       0 |   0.0
        D:3 |      95 |       0 |   0.0 |      15 |       0 |   0.0
        D:4 |      29 |       0 |   0.0 |       3 |       0 |   0.0
            +---------+---------+-------+---------+---------+-------
